 Dungeon Crawl Stone Soup version 0.17.1-3-g152610e (webtiles) character file.

5978 Peloso the Blocker (level 10, -2/91 HPs)
             Began as a Minotaur Fighter on Apr 22, 2016.
             Was an Elder of Okawaru.
             Slain by Erolcha
             ... wielding a +0 giant club
              (12 damage)
             ... on level 9 of the Dungeon.
             The game lasted 00:21:30 (8605 turns).

Peloso the Blocker (Minotaur Fighter)               Turns: 8605, Time: 00:21:30

Health: -2/91      AC: 17    Str: 22    XL:     10   Next: 55%
Magic:  9/9        EV:  9    Int:  5    God:    Okawaru [****..]
Gold:   99         SH: 13    Dex: 12    Spells: 0 memorised, 9 levels left

rFire  . . .     SeeInvis .     D - +0 falchion (flame)
rCold  . . .     Clarity  .     I - +3 chain mail
rNeg   . . .     SustAt   +     c - +1 shield
rPois  .         Gourm    .     (helmet restricted)
rElec  +         Spirit   .     H - +2 cloak {MR+}
rCorr  +         Warding  .     E - -2 pair of gloves "Vuino" {*Drain rElec rCorr}
rMut   .         Stasis   .     (no boots)
MR     ++...                    (no amulet)
Stlth  ..........               t - ring of protection from magic
                                y - ring of sustain attributes

@: about to teleport, very resistant to hostile enchantments, extremely
unstealthy
A: retaliatory headbutt, horns 2
a: Heroism, Renounce Religion


You were on level 9 of the Dungeon.
You worshipped Okawaru.
Okawaru was greatly pleased with you.
You were hungry.

You visited 2 branches of the dungeon, and saw 10 of its levels.

You collected 426 gold pieces.
You spent 327 gold pieces at shops.

Inventory:

Hand Weapons
 a - a +0 long sword
 D - a +0 falchion of flaming (weapon)
Armour
 c - a +1 shield (worn)
 E - the -2 pair of gloves "Vuino" (worn) {*Drain rElec rCorr}
   (You bought it in a shop on level 8 of the Dungeon)

   It insulates you from electricity.
   It protects you from acid and corrosion.
   It causes draining when unequipped.
 H - a +2 cloak of magic resistance (worn)
 I - a +3 chain mail (worn)
Jewellery
 o - an uncursed ring of magical power
 t - a ring of protection from magic (right hand)
 y - a ring of sustain attributes (left hand)
Wands
 b - a wand of fireball (5)
 i - a wand of draining (8)
 l - a wand of teleportation (3)
 z - a wand of flame (24)
 J - a wand of paralysis (8)
Scrolls
 h - a scroll of amnesia
 j - 3 scrolls of teleportation
 k - 4 scrolls of remove curse
 m - 4 scrolls of recharging
 x - a scroll of fear
Potions
 d - a potion of might
 f - a potion of cure mutation
 g - a potion of haste
 n - 3 potions of agility
 p - a potion of resistance
 s - 2 potions of curing
 u - a potion of brilliance
 v - 2 potions of cancellation {unknown}
 A - 2 potions of mutation {unknown}
 B - 3 potions of ambrosia {unknown}
Comestibles
 e - 6 bread rations
 q - 5 meat rations
 r - 2 beef jerkies
 C - 2 royal jellies
 F - 12 fruits
 G - 6 slices of pizza


   Skills:
 + Level 9.1 Fighting
 + Level 9.7 Long Blades
 + Level 9.3 Armour
 + Level 5.8 Dodging
 + Level 0.8 Stealth
 + Level 10.1 Shields
 + Level 0.2 Invocations
 + Level 0.1 Evocations


You had 9 spell levels left.
You didn't know any spells.

Dungeon Overview and Level Annotations

Branches:
Dungeon (9/15)             Temple (1/1) D:5
   Lair: D:8-11         Orc: D:9-12

Altars:
Ashenzari
Cheibriados
Dithmenos
Elyvilon
Fedhas
Kikubaaqudgha
Makhleb
Okawaru
Qazlal
Sif Muna
Trog
Vehumet
Xom
Yredelemnul
Zin
The Shining One

Shops:
D:8 *[

Annotations:
D:9 Erolcha


Innate Abilities, Weirdness & Mutations

You reflexively headbutt those who attack you in melee.
You have a pair of horns on your head.


Message History

A vampire mosquito comes into view.
You completely miss Erolcha.
The vampire mosquito buzzes angrily.
You headbutt Erolcha!
Erolcha is almost dead.
You block the vampire mosquito's attack.
Erolcha hits you with a giant club!!
* * * LOW HITPOINT WARNING * * *
You block the vampire mosquito's attack.
Drink which item? (? for menu, Esc to quit)
You feel better.
You block the vampire mosquito's attack.
Erolcha casts a spell.
Erolcha flickers and vanishes!
Deactivating autopickup; reactivate with Ctrl-A.
The vampire mosquito barely misses you.
You hit something but do no damage. The vampire mosquito bites you.
* * * LOW HITPOINT WARNING * * *
Something hits you!
You die...

...............#
..>............#
...............#
.............###
..#....######
#.........#
#.........#
#........{#.##..
#.....hy@......_
######y#####.#..
.... # .......
........
..###### ..


You could see a black bear and 2 vampire mosquitoes.

Vanquished Creatures
  A hydra (D:9)
  An ugly thing (D:8)
  The ghost of SaintRoka the Cudgeler, an amateur OgSk of Cheibriados (D:3)
  A wyvern (D:8)
  7 yaks (D:9)
  A hungry ghost (D:8)
  A hippogriff (D:8)
  Menkaure (D:5)
  A black bear (D:7)
  An orc warrior (D:8)
  3 ice beasts
  2 sky beasts
  4 centaurs
  2 phantoms (D:7)
  4 giant frogs
  4 big kobolds
  A wyvern skeleton (D:6)
  2 scorpions
  4 killer bees (D:4)
  7 orc priests
  3 crimson imps
  3 hounds
  9 orc wizards
  3 worker ants
  A giant frog skeleton (D:4)
  2 iguanas (D:6)
  2 sheep (D:9)
  A hound skeleton (D:6)
  A hound zombie (D:7)
  2 worker ant zombies
  11 adders
  4 shadow imps
  An ooze (D:1)
  An adder zombie (D:6)
  An adder skeleton (D:4)
  3 worms
  7 giant geckos
  30 orcs
  12 bats
  8 goblins
  4 hobgoblins
  6 jackals
  14 kobolds
  4 quokkas
  2 ball pythons
  7 giant cockroaches
  3 giant newts
  A jackal skeleton (D:7)
  10 rats
205 creatures vanquished.

Vanquished Creatures (others)
  The ghost of SaintRoka the Chopper, an amateur GrFi of Ru (D:5)
1 creature vanquished.

Grand Total: 206 creatures vanquished

Notes
Turn   | Place    | Note
--------------------------------------------------------------
     0 | D:1      | Peloso the Minotaur Fighter began the quest for the Orb.
     0 | D:1      | Reached XP level 1. HP: 19/19 MP: 0/0
   208 | D:1      | Reached XP level 2. HP: 27/27 MP: 1/1
   297 | D:1      | Reached skill level 4 in Shields
   616 | D:1      | Reached XP level 3. HP: 30/33 MP: 2/2
   990 | D:2      | Reached XP level 4. HP: 40/40 MP: 3/3
  1091 | D:2      | Reached skill level 5 in Shields
  1123 | D:2      | Found a glowing golden altar of the Shining One.
  1341 | D:3      | Noticed SaintRoka's ghost (amateur OgSk)
  1380 | D:3      | Killed SaintRoka's ghost
  1380 | D:3      | Reached skill level 1 in Dodging
  1380 | D:3      | Reached XP level 5. HP: 33/47 MP: 4/4
  2090 | D:3      | Reached XP level 6. HP: 50/53 MP: 5/5
  2208 | D:4      | Reached skill level 6 in Shields
  2292 | D:4      | Reached skill level 5 in Armour
  2690 | D:4      | Reached skill level 5 in Fighting
  2690 | D:4      | Reached XP level 7. HP: 45/61 MP: 6/6
  3151 | D:4      | Reached skill level 5 in Long Blades
  3402 | D:5      | Entered Level 5 of the Dungeon
  3600 | D:5      | Noticed Menkaure
  3614 | D:5      | Killed Menkaure
  3646 | D:5      | Reached XP level 8. HP: 57/70 MP: 7/7
  3846 | D:5      | Found a deep blue altar of Sif Muna.
  3878 | D:5      | Killed SaintRoka's ghost
  3921 | D:5      | Found a staircase to the Ecumenical Temple.
  3930 | Temple   | Entered the Ecumenical Temple
  3945 | Temple   | Became a worshipper of Warmaster Okawaru
  4126 | D:5      | Reached skill level 7 in Shields
  4372 | D:6      | Found a white marble altar of Elyvilon.
  4668 | D:6      | Found a radiant altar of Vehumet.
  4850 | D:6      | Reached * piety under Okawaru
  4888 | D:6      | Reached skill level 8 in Shields
  5470 | D:6      | Reached XP level 9. HP: 78/78 MP: 8/8
  5940 | D:7      | Found a burning altar of Makhleb.
  5997 | D:7      | Reached ** piety under Okawaru
  6317 | D:7      | Found a white marble altar of Elyvilon.
  6381 | D:8      | Found Rainenent's Assorted Antiques.
  6409 | D:8      | Bought a pair of shimmering gloves for 228 gold pieces
  6414 | D:8      | Identified the -2 pair of gloves "Vuino" {*Drain rElec rCorr} (You bought it in a shop on level 8 of the Dungeon)
  6508 | D:8      | Noticed a brown ugly thing
  6524 | D:8      | Killed a brown ugly thing
  6524 | D:8      | Reached skill level 5 in Dodging
  6524 | D:8      | Reached skill level 9 in Shields
  7277 | D:8      | Found Deney's Antique Armour Emporium.
  7296 | D:8      | Bought a runed cloak for 99 gold pieces
  7396 | D:8      | Reached *** piety under Okawaru
  7396 | D:8      | Reached XP level 10. HP: 45/88 MP: 9/9
  7770 | D:9      | Noticed a three-headed hydra
  7778 | D:9      | Killed a one-headed hydra
  7778 | D:9      | Reached **** piety under Okawaru
  7969 | D:9      | Reached skill level 10 in Shields
  8458 | D:9      | Found a stormy altar of Qazlal.
  8464 | D:9      | Found a shadowy altar of Dithmenos.
  8588 | D:9      | Noticed Erolcha
  8591 | D:9      | Found a glowing silver altar of Zin.
  8603 | D:9      | HP: 4/91 [Erolcha/giant club (25)]
  8605 | D:9      | Slain by Erolcha

Action                   |  1- 3 |  4- 6 |  7- 9 | 10-12 || total
-------------------------+-------+-------+-------+-------++-------
Melee: Long sword        |   108 |   110 |   425 |    37 ||   680
       Falchion          |       |       |       |    83 ||    83
Invok: Heroism           |       |       |     1 |       ||     1
Evoke: Wand              |       |       |     3 |       ||     3
  Use: Potion            |       |     1 |     1 |     1 ||     3
       Scroll            |       |       |    16 |     2 ||    18
  Eat: Chunk             |       |     6 |    14 |     4 ||    24
       Beef jerky        |       |       |     2 |       ||     2
